 Dungeon Crawl Stone Soup version 0.22-a0-348-gd16d1391c7 (webtiles) character file.

1117 Kriby the Firebug (level 8, -14/52 HPs)
             Began as a Gnoll Wanderer on Apr 6, 2018.
             Was an Initiate of Hepliaklqana.
             Demolished by brujo666's ghost (17 damage)
             ... on level 5 of the Dungeon on Apr 7, 2018.
             The game lasted 00:13:10 (5034 turns).

Kriby the Firebug (Gnoll Wanderer)                  Turns: 5034, Time: 00:13:10

Health: -14/52     AC:  4    Str: 12 (14) XL:     8   Next: 34%
Magic:  16/16      EV: 13    Int: 13 (16) God:    Hepliaklqana [......]
Gold:   239        SH: 11    Dex: 14 (16) Spells: 8/18 levels left

rFire    . . .     SeeInvis .   e - +0 dagger
rCold    . . .     Gourm    .   a - +2 buckler
rNeg     . . .     Faith    .   d - +0 robe
rPois    .         Spirit   .   l - +0 helmet (curse)
rElec    .         Reflect  +   (no cloak)
rCorr    .         Harm     .   i - +0 pair of gloves
MR       .....                  (no boots)
Stlth    ++++......             b - +4 amulet of reflection
HPRegen  0.17/turn              g - ring of stealth
MPRegen  0.15/turn              (no ring)

@: no status effects
A: distributed training, reduced essence, fangs 1, strong nose
a: Recall Ancestor, Ancestor Identity, Renounce Religion


You were on level 5 of the Dungeon.
You worshipped Hepliaklqana.
Hepliaklqana was noncommittal.
You were not hungry.

You visited 2 branches of the dungeon, and saw 6 of its levels.

You collected 274 gold pieces.
You spent 35 gold pieces at shops.

Inventory:

Hand Weapons
 e - a +0 dagger (weapon)
Missiles
 j - 5 javelins (quivered)
 q - 67 stones
Armour
 a - a +2 buckler (worn)
 d - a +0 robe (worn)
 i - a +0 pair of gloves (worn)
 l - a cursed +0 helmet (worn)
Jewellery
 b - a +4 amulet of reflection (around neck)
 g - a ring of stealth (left hand)
 r - a +6 ring of dexterity {unknown}
Scrolls
 h - a scroll of identify
 k - a scroll of remove curse {unknown}
 n - a scroll of immolation {unknown}
 o - a scroll of amnesia {unknown}
 s - 3 scrolls of teleportation {unknown}
 t - a scroll of enchant armour {unknown}
Potions
 c - 5 potions of curing
 p - a potion of agility
Comestibles
 f - 8 rations


   Skills:
 + Level 3.1 Fighting
 + Level 3.1 Short Blades
 + Level 3.1 Long Blades
 + Level 3.1 Axes
 + Level 3.1 Maces & Flails
 + Level 3.1 Polearms
 + Level 3.1 Staves
 + Level 3.1 Slings
 + Level 3.1 Bows
 + Level 3.1 Crossbows
 + Level 4.1 Throwing
 + Level 3.1 Armour
 + Level 3.1 Dodging
 + Level 4.0 Stealth
 + Level 3.1 Shields
 + Level 3.1 Unarmed Combat
 + Level 5.9 Spellcasting
 + Level 2.5 Conjurations
 + Level 2.5 Hexes
 + Level 2.5 Charms
 + Level 2.5 Summonings
 + Level 3.3 Necromancy
 + Level 3.3 Translocations
 + Level 3.3 Transmutations
 + Level 6.0 Fire Magic
 + Level 2.5 Ice Magic
 + Level 2.5 Air Magic
 + Level 2.5 Earth Magic
 + Level 2.5 Poison Magic
 + Level 3.4 Invocations
 + Level 3.1 Evocations


You had 8 spell levels left.
You knew the following spells:

 Your Spells              Type           Power        Failure   Level  Hunger
a - Flame Tongue          Conj/Fire      ###..        3%          1    None
b - Throw Flame           Conj/Fire      ###...       4%          2    ##.....
c - Conjure Flame         Conj/Fire      ###.....     10%         3    ###....
d - Sticky Flame          Conj/Fire      ###.....     30%         4    ####...


Dungeon Overview and Level Annotations

Branches:
Dungeon (5/15)             Temple (1/1) D:5

Altars:
Cheibriados
Dithmenos
Elyvilon
Fedhas
Hepliaklqana
Nemelex Xobeh
Qazlal
Ru
Trog
Vehumet
Wu Jian
Xom
Yredelemnul
Zin

Shops:
D:4 :([[%

Annotations:
D:4 exclusion: downstairs
D:5 brujo666's ghost, amateur MiGl


Innate Abilities, Weirdness & Mutations

Your experience applies equally to all skills.
You have very sharp teeth.
Your uncanny sense of smell can sniff out nearby items.
Your life essence is reduced to manifest your ancestor. (-10% HP)


Message History

Brujo666's ghost is moderately damaged.
Rapine hits brujo666's ghost but does no damage.
Brujo666's ghost hits you.
It was a potion of degeneration.
There was something very wrong with that liquid.
You feel weakened.
You feel dopey.
You feel clumsy. You block brujo666's ghost's attack.
Rapine closely misses brujo666's ghost.
You closely miss brujo666's ghost.
Brujo666's ghost is moderately damaged.
Brujo666's ghost closely misses you.
Rapine hits brujo666's ghost but does no damage.
You barely miss brujo666's ghost.
Brujo666's ghost is moderately damaged.
Rapine closely misses brujo666's ghost.
Brujo666's ghost hits you!
* * * LOW HITPOINT WARNING * * *
You hit brujo666's ghost. Your bite misses brujo666's ghost.
Brujo666's ghost is heavily damaged.
Rapine hits brujo666's ghost but does no damage.
Brujo666's ghost hits you!
You die...

####.###.......###### #
.........#
.........###$.#
........(#
##....##.......
.........###......<.....#
####................####
##....##.......≈≈≈...# ∆∆
...####........≈!≈...#
#### #........≈≈≈...#
#.........@..#.#
##.....#.RW###..
#.......##......$.
#.......#####..##.
#.......# ..# ##.>...##
##∆ ##...## ####


You could see the friendly Rapine the ancestor and brujo666's ghost.

Vanquished Creatures
  The ghost of Kriby the Insei, an amateur GnWn (D:3)
  Edmund (D:4)
  3 ogres (D:4)
  A scorpion (D:4)
  2 howler monkeys (D:4)
  A jelly (D:4)
  A human zombie (D:4)
  A bullfrog skeleton (D:5)
  2 hounds
  An iguana (D:3)
  2 worker ants
  6 gnolls
  4 adders
  A dart slug (D:3)
  4 leopard geckos
  6 orcs (D:3)
  5 bats
  2 giant cockroaches
  9 goblins
  5 hobgoblins
  6 quokkas
  5 frilled lizards
  A jackal skeleton (D:4)
  9 kobolds
  8 rats
87 creatures vanquished.

Vanquished Creatures (collateral kills)
  A crimson imp (D:5)
1 creature vanquished.

Grand Total: 88 creatures vanquished

Notes
Turn   | Place    | Note
-------+----------+-------------------------------------------
     0 | D:1      | Kriby the Gnoll Wanderer began the quest for the Orb.
     0 | D:1      | Kriby set off with: a potion of curing, a +0 robe, a +0 dagger, a ration
     0 | D:1      | Reached XP level 1. HP: 13/13 MP: 6/6
     2 | D:1      | Learned a level 1 spell: Flame Tongue
   365 | D:1      | Reached XP level 2. HP: 19/19 MP: 4/7
   864 | D:2      | Reached XP level 3. HP: 21/25 MP: 0/9
  1022 | D:2      | Reached skill level 5 in Spellcasting
  1097 | D:2      | Reached skill level 1 in Invocations
  1211 | D:2      | Found a snail-covered altar of Cheibriados.
  1213 | D:2      | Reached skill level 1 in Fighting
  1213 | D:2      | Reached skill level 1 in Short Blades
  1213 | D:2      | Reached skill level 1 in Long Blades
  1213 | D:2      | Reached skill level 1 in Axes
  1213 | D:2      | Reached skill level 1 in Maces & Flails
  1213 | D:2      | Reached skill level 1 in Polearms
  1213 | D:2      | Reached skill level 1 in Staves
  1213 | D:2      | Reached skill level 1 in Slings
  1213 | D:2      | Reached skill level 1 in Bows
  1213 | D:2      | Reached skill level 1 in Crossbows
  1213 | D:2      | Reached skill level 1 in Armour
  1213 | D:2      | Reached skill level 1 in Dodging
  1213 | D:2      | Reached skill level 1 in Shields
  1213 | D:2      | Reached skill level 1 in Unarmed Combat
  1213 | D:2      | Reached skill level 1 in Evocations
  1296 | D:2      | Reached XP level 4. HP: 32/32 MP: 6/11
  1792 | D:2      | Reached skill level 1 in Conjurations
  1792 | D:2      | Reached skill level 1 in Hexes
  1792 | D:2      | Reached skill level 1 in Charms
  1792 | D:2      | Reached skill level 1 in Summonings
  1792 | D:2      | Reached skill level 1 in Ice Magic
  1792 | D:2      | Reached skill level 1 in Air Magic
  1792 | D:2      | Reached skill level 1 in Earth Magic
  1792 | D:2      | Reached skill level 1 in Poison Magic
  2171 | D:3      | Learned a level 2 spell: Throw Flame
  2175 | D:3      | Learned a level 3 spell: Conjure Flame
  2233 | D:3      | Noticed Kriby's ghost (amateur GnWn)
  2277 | D:3      | Killed Kriby's ghost
  2277 | D:3      | Reached XP level 5. HP: 17/38 MP: 1/12
  2277 | D:3      | Reached XP level 6. HP: 20/44 MP: 1/14
  3021 | D:3      | Found a bloodstained altar of Trog.
  3164 | D:4      | Reached XP level 7. HP: 50/50 MP: 2/15
  3430 | D:4      | Found Fikisch's Antique Armour Shoppe.
  3430 | D:4      | Found Qumeij's Book Shoppe.
  3479 | D:4      | Found Tifupsoi's Armour Shoppe.
  3479 | D:4      | Noticed Edmund
  3485 | D:4      | Killed Edmund
  3494 | D:4      | Bought a cursed +0 helmet for 35 gold pieces
  3557 | D:4      | Found Qotyg's Food Shop.
  3657 | D:4      | Found Iseiper's Antique Weapon Boutique.
  3873 | D:4      | Reached XP level 8. HP: 42/57 MP: 1/16
  4059 | D:4      | Reached skill level 6 in Fire Magic
  4507 | D:5      | Entered Level 5 of the Dungeon
  4507 | D:5      | Noticed brujo666's ghost (amateur MiGl)
  4623 | D:5      | Learned a level 4 spell: Sticky Flame
  4637 | D:5      | Found a staircase to the Ecumenical Temple.
  4647 | Temple   | Entered the Ecumenical Temple
  4851 | Temple   | Became a worshipper of Hepliaklqana the Forgotten
  5000 | D:5      | Upgraded the game from 0.22-a0-346-ga7143740d5 to 0.22-a0-348-gd16d1391c7
  5034 | D:5      | Demolished by brujo666's ghost

Vault maps used:
D:1:      lemuel_arrival_lava_pool
D:2:      lemuel_doored_altar, serial_glass, glass_columns_c, glass_columns_a
D:3:      lightli_temple_of_fire, first_ration, minivault_27, grunt_ministairs_7
D:4:      enter_ossuary_3, serial_shops, nicolae_shop_behind_doors, shop, shop,
          shop, shop, serial_glass, glass_columns_b, glass_columns_a,
          uniq_edmund
D:5:      kiku_gazebo_garden_becter, grunt_temple_overflow_open,
          minmay_temple_entry_butterflies, corexii_item_surrounded_by_moat,
          minmay_ruined_shrine
Temple:   minmay_temple_bridge_abc

Skill      XL: |  1  2  3  4  5  6  7  8 |
---------------+-------------------------+-----
Necromancy     | 2 3 |  3.3
Translocations | 2 3 |  3.3
Transmutations | 2 3 |  3.3
Spellcasting   | 5 |  5.9
Invocations    | 1 2 3 |  3.4
Fighting       | 1 2 3 |  3.1
Short Blades   | 1 2 3 |  3.1
Long Blades    | 1 2 3 |  3.1
Axes           | 1 2 3 |  3.1
Maces & Flails | 1 2 3 |  3.1
Polearms       | 1 2 3 |  3.1
Staves         | 1 2 3 |  3.1
Slings         | 1 2 3 |  3.1
Bows           | 1 2 3 |  3.1
Crossbows      | 1 2 3 |  3.1
Armour         | 1 2 3 |  3.1
Dodging        | 1 2 3 |  3.1
Shields        | 1 2 3 |  3.1
Unarmed Combat | 1 2 3 |  3.1
Evocations     | 1 2 3 |  3.1
Conjurations   | 1 2 |  2.5
Hexes          | 1 2 |  2.5
Charms         | 1 2 |  2.5
Summonings     | 1 2 |  2.5
Ice Magic      | 1 2 |  2.5
Air Magic      | 1 2 |  2.5
Earth Magic    | 1 2 |  2.5
Poison Magic   | 1 2 |  2.5
Throwing       | 3 4 |  4.1
Stealth        | 3 4 |  4.0
Fire Magic     | 6 |  6.0

Action                   |  1- 3 |  4- 6 |  7- 9 || total
-------------------------+-------+-------+-------++-------
Melee: Dagger            |       |    12 |    42 ||    54
       Bite              |       |     2 |     6 ||     8
Throw: Javelin           |     4 |     3 |    12 ||    19
 Cast: Flame Tongue      |    47 |    65 |    44 ||   156
       Throw Flame       |       |    20 |    33 ||    53
       Conjure Flame     |       |     2 |     2 ||     4
Invok: Ancestor Identity |       |       |     1 ||     1
  Use: Potion            |       |     7 |     1 ||     8
       Scroll            |       |     1 |       ||     1
 Stab: Invisible         |       |     2 |       ||     2
  Eat: Chunk             |     1 |     6 |     4 ||    11
       Ration            |       |       |     1 ||     1
Armor: Robe              |     7 |     4 |     3 ||    14
       Skin              |       |     1 |       ||     1
Dodge: Dodged            |    11 |    14 |    18 ||    43
Block: Buckler           |     7 |     6 |    23 ||    36

Table legend:
 A = Spawn XP
 B = Non-spawn XP
 C = Spawn XP percentage of total XP
 D = Spawn monster count
 E = Non-spawn monster count
 F = Spawn count percentage of total count
 G = Total turns spent on level
                    A         B        C        D         E        F      G
               +---------+---------+-------+---------+---------+-------+---------
         Total |       0 |    1597 |   0.0 |       0 |      88 |   0.0 |  5034
               +---------+---------+-------+---------+---------+-------+---------
           D:1 |       0 |      18 |   0.0 |       0 |      12 |   0.0 |   814
           D:2 |       0 |     115 |   0.0 |       0 |      27 |   0.0 |  1083
           D:3 |       0 |     457 |   0.0 |       0 |      27 |   0.0 |  1430
           D:4 |       0 |     884 |   0.0 |       0 |      18 |   0.0 |  1209
           D:5 |       0 |     123 |   0.0 |       0 |       4 |   0.0 |   270
               +---------+---------+-------+---------+---------+-------+---------
